AoeStats
← viatma

Arabia

510802740Analyzed
1v1 RM · 1d ago on Oct 2, 2026· 57m 7s· 2 players
Game mode
Random Map
Map size
Tiny (2 player)
Population
200
Speed
Normal
Resources
Standard
Victory
Conquest
Starting age
Dark Age
Ending age
Imperial Age
RankedLock teamsTeams togetherTeam positionsShared explorationLock speedFull tech treeHidden civsTurbo modeCheats
Victory
Defeat
🇲🇽 Ethiopians · Mexico
967
+17
🇺🇸 Danes · United States
981
-17
viatma
7:40 Loom
11:51 Feudal Age
21:01 Castle Age
19:06 Gold Mining
19:05 Double-Bit Axe
19:38 Fletching
20:34 Padded Archer Armor
20:34 Horse Collar
22:00 Forging
22:38 Squires
22:02 Crossbowman
24:40 Bodkin Arrow
28:05 Thumb Ring
28:22 Leather Archer Armor
37:52 Imperial Age
35:27 Scale Mail Armor
36:03 Iron Casting
38:04 Arbalester
38:57 Torsion Engines
39:18 Conscription
39:36 Heavy Plow
41:53 Bracer
42:11 Chain Mail Armor
43:07 Wheelbarrow
42:21 Town Watch
42:32 Elite Shotel Warrior
44:52 Plate Mail Armor
44:36 Bow Saw
46:03 Ballistics
47:49 Masonry
49:07 Ring Archer Armor
52:10 Blast Furnace
52:13 Two-Man Saw
50:46 Capped Ram
53:26 Gold Shaft Mining
53:10 Siege Engineers
52:44 Siege Ram
58:41 Chemistry
Cincy_JFM
6:55 Loom
9:33 Feudal Age
10:10 Double-Bit Axe
10:08 Horse Collar
11:46 Man-at-Arms
20:21 Castle Age
19:31 Stone Mining
19:34 Arson
20:15 Gold Mining
20:31 Scale Mail Armor
21:54 Wheelbarrow
22:31 Squires
22:34 Heavy Plow
23:39 Bow Saw
29:23 Fletching
31:01 Chain Mail Armor
31:17 Forging
32:04 Bodkin Arrow
32:40 Elite Skirmisher
33:54 Hand Cart
34:18 Padded Archer Armor
37:19 Town Watch
41:04 Imperial Age
42:10 Conscription
42:42 Town Patrol
47:55 Bracer
48:12 Leather Archer Armor
48:33 Elite Jomsviking
54:21 Plate Mail Armor
54:27 Iron Casting
53:51 Murder Holes
54:08 Masonry
54:45 Ballistics
55:26 Chemistry
Connection lost

Rejoining the realm…

Still unreachable

The connection could not be restored.

Session expired

The server has moved on; the page needs a fresh start.